 Dungeon Crawl Stone Soup version 0.27-a0-1051-g288ea87c7c (webtiles) character file.

Game seed: 13703910920674025359

39 rageheart7 the Skirmisher (level 3, -1/30 HPs)
             Began as a Demonspawn Abyssal Knight on Apr 21, 2021.
             Was a Follower of Lugonu.
             Slain by a sky beast (5 damage)
             ... on level 2 of the Dungeon.
             The game lasted 00:02:02 (1547 turns).

rageheart7 the Skirmisher (DsAK)                    Turns: 1547, Time: 00:02:03

Health: -1/30      AC:  5    Str: 13    XL:     3   Next: 28%
Magic:  4/4        EV: 11    Int: 13    God:    Lugonu [*.....]
Gold:   107        SH:  0    Dex: 12    Spells: 2/2 levels left

rFire    + . .     SeeInvis .   a - +1 mace
rCold    + + .     Faith    .   (no shield)
rNeg     . . .     Spirit   .   e - +1 robe {rC+}
rPois    .         Reflect  .   b - +0 helmet
rElec    .         Harm     .   i - scarf {rC+ rF+}
rCorr    .         Rampage  .   (no gloves)
Will     .....                  (no boots)
Stlth    +.........             (no amulet)
HPRegen  0.10/turn              g - ring of wizardry
MPRegen  0.09/turn              (no ring)

@: no status effects
A: hooves 1, sharp scales 1
a: Renounce Religion, Depart the Abyss


You were on level 2 of the Dungeon.
You worshipped Lugonu.
Lugonu was aware of your devotion.
You visited 1 branch of the dungeon, and saw 2 of its levels.
You visited the Abyss 1 time.

You collected 107 gold pieces.

Inventory:

Hand Weapons
 a - a +1 mace (weapon)
Armour
 b - a +0 helmet (worn)
 e - a +1 robe of cold resistance (worn)
 i - a scarf of resistance (worn)
Jewellery
 g - a ring of wizardry (left hand)
Scrolls
 f - a scroll of immolation {unknown}
 h - 3 scrolls of magic mapping {unknown}
Potions
 c - a potion of heal wounds
 d - a potion of mutation {unknown}


   Skills:
 * Level 3.7 Fighting
 * Level 2.7 Maces & Flails
 - Level 1.7 Armour
 - Level 0.8 Dodging
 - Level 2.4 Invocations


You had 2 spell levels left.
You didn't know any spells.
Your spell library was empty.

Dungeon Overview and Level Annotations

Branches:
Dungeon (2/15)

Altars:


Innate Abilities, Weirdness & Mutations

You have large cloven feet.
You are partially covered in razor-sharp scales. (AC +1, Slay +1)


Message History

The sky beast flickers out of sight!
Deactivating autopickup; reactivate with Ctrl-A.
Something hits you but does no damage.
No target in view!
There is a strange disturbance nearby!
No target in view!
No target in view!
You barely miss something. You kick something. Something completely misses you.
You barely miss something. Something hits you but does no damage.
You barely miss something.
A sky beast appears from thin air!
Reactivating autopickup.
The sky beast hits you but does no damage.
The sky beast hits you. The sky beast shocks you.
You hit the sky beast. Your kick misses the sky beast.
The sky beast is heavily wounded.
The sky beast hits you but does no damage.
You barely miss the sky beast.
The sky beast is heavily wounded.
The sky beast flickers out of sight!
Deactivating autopickup; reactivate with Ctrl-A.
Something hits you but does no damage.
You hit something. Something hits you. Something shocks you.
A sky beast appears from thin air!
Reactivating autopickup.
The sky beast barely misses you.
You hit the sky beast.
The sky beast is severely wounded.
The sky beast hits you but does no damage.
You hit the sky beast.
The sky beast is severely wounded.
The sky beast hits you. The sky beast shocks you.
* * * LOW HITPOINT WARNING * * *
You closely miss the sky beast. Your kick misses the sky beast.
The sky beast is severely wounded.
The sky beast flickers out of sight!
Deactivating autopickup; reactivate with Ctrl-A.
Something hits you.
* * * LOW HITPOINT WARNING * * *
Something shocks you.
You die...

#.#.# ...#...#..
#.#.# ##.
#...#.# #.#.# #.
#####.# #.#.#
### #. #.#
##.#.# #.. #..
.....##### #.#
#### ##.......#
#.###.....
#######.#
#......... #.#
#.@{.# #.#
#.##.# #.# #.# #
#.######.##.####
#.##............
#.##<###.##.....
#.##.# #... ....
##.##.#
####.....
#...†.# ....


There were no monsters in sight!

Vanquished Creatures
  2 worms (D:2)
  A dart slug (D:1)
  3 endoplasms (D:1)
  4 giant cockroaches
  5 goblins
  A hobgoblin (D:1)
  3 kobolds (D:1)
  A ball python (D:1)
  3 bats (D:1)
  3 frilled lizards (D:1)
  6 rats (D:1)
32 creatures vanquished.

Vanquished Creatures (others)
  4 plants (D:1)
4 creatures vanquished.

Grand Total: 36 creatures vanquished

Notes
Turn   | Place    | Note
-------+----------+-------------------------------------------
     0 | Abyss:1  | rageheart7 the Demonspawn Abyssal Knight began the quest
                  | for the Orb.
     0 | Abyss:1  | Reached XP level 1. HP: 18/18 MP: 2/2
    21 | Abyss:1  | Found a corrupted altar of Lugonu.
    40 | Abyss:1  | Found a corrupted altar of Lugonu.
    99 | Abyss:1  | Noticed a smoke demon
   100 | D:1      | Escaped the Abyss
   220 | D:1      | Found a faded altar of an unknown god.
   231 | D:1      | Gained mutation: You have large cloven feet. [demonic
                  | ancestry]
   231 | D:1      | Reached XP level 2. HP: 12/24 MP: 3/3
   467 | D:1      | Reached * piety under Lugonu
  1304 | D:2      | Gained mutation: You are partially covered in razor-sharp
                  | scales. (AC +1, Slay +1) [demonic ancestry]
  1304 | D:2      | Reached XP level 3. HP: 29/29 MP: 4/4
  1535 | D:2      | Noticed a sky beast
  1547 | D:2      | Slain by a sky beast

Illustrated notes

Levels and vault maps discovered:
D:1:      roderic_crop_circles_arrival_large, layout_basic,
          chequers_ecumenical_altar_simple_redux, chequers_serial_rivers_marsh
D:2:      layout_loops_ring

Skill      XL: |  1 |
---------------+----+-----
Maces & Flails | 2 |  2.7
Fighting       | |  3.7
Armour         | |  1.7
Dodging        | |  0.8
Invocations    | |  2.4

Action                   || total
-------------------------++-------
Melee: Mace              ||    92
       Kick              ||    14
Invok: Depart the Abyss  ||     1
  Use: Scroll            ||     3
 Stab: Sleeping          ||     2
Armor: Robe              ||    28
Dodge: Dodged            ||    52

Table legend: (Time is in decaauts)
 A = Elapsed time spent in this place.
 B = Non-inter-level travel time spent in this place.
 C = Inter-level travel time spent in this place.
 D = Time resting spent in this place.
 E = Time spent auto-exploring this place.
 F = Levels seen in this place.
 G = Mean time per level.
                   A        B        C        D        E       F      G
               +--------+--------+--------+--------+--------+-----+--------+
         Total |   1575 |   1528 |     47 |      0 |   1225 |   3 |  525.0 |
       Dungeon |   1475 |   1428 |     47 |      0 |   1176 |   2 |  737.5 |
         Abyss |    100 |    100 |      0 |      0 |     49 |   1 |  100.0 |
               +--------+--------+--------+--------+--------+-----+--------+

Top non-repeatable levels by time:
     D:1: 1154 daAuts
     D:2: 321 daAuts
 Abyss:1: 100 daAuts
